 Dungeon Crawl Stone Soup version 0.20.1-1-g8b1a95d (webtiles) character file.

14072 funkygono the Cleaver (level 12, -1/106 HPs)
             Began as a Hill Orc Fighter on Feb 6, 2018.
             Was a Believer of Beogh.
             Slain by a 19-headed hydra (3 damage)
             ... on level 3 of the Lair of Beasts on Oct 7, 2018.
             The game lasted 01:02:18 (11059 turns).

funkygono the Cleaver (Hill Orc Fighter)           Turns: 11059, Time: 01:02:18

Health: -1/106     AC: 22    Str: 32    XL:     12   Next: 12%
Magic:  12/12      EV: 16    Int: 11    God:    Beogh [**....]
Gold:   622        SH: 14    Dex: 19    Spells: 11/11 levels left

rFire    . . .     SeeInvis .   A - +10 hand axe of Rofabem {venom, rC- rN+ Str+5 Int+3}
rCold    . . .     Gourm    .   c - +0 shield
rNeg     + . .     Faith    .   Q - +2 chain mail {rC+}
rPois    +         Spirit   .   y - +1 helmet
rElec    .         Reflect  .   E - +1 cloak
rCorr    .         Harm     .   m - +2 pair of gloves
MR       +....                  n - +0 pair of boots
Stlth    +.........             (no amulet)
Regen    0.3/turn               M - ring "Xeiplec" {rPois MR+ Dex+2 Stlth+}
MPRegen  0.2/turn               (no ring)

@: mighty, agile, hasted, very quick
A: no striking features
a: Smiting, Renounce Religion


You were on level 3 of the Lair of Beasts.
You worshipped Beogh.
Beogh was pleased with you.
You were not hungry.

You visited 3 branches of the dungeon, and saw 13 of its levels.
You also visited: Labyrinth.

You collected 622 gold pieces.

Inventory:

Hand Weapons
 A - the +10 hand axe of Rofabem (weapon) {venom, rC- rN+ Str+5 Int+3}
   (You found it on level 6 of the Dungeon)

   It poisons the flesh of those it strikes.
   It affects your strength (+5).
   It affects your intelligence (+3).
   It makes you vulnerable to cold.
   It protects you from negative energy.
Armour
 c - a +0 shield (worn)
 m - a +2 pair of gloves (worn)
 n - a +0 pair of boots (worn)
 w - a +4 ring mail of magic resistance
 y - a +1 helmet (worn)
 E - a +1 cloak (worn)
 Q - a +2 chain mail of cold resistance (worn)
 S - a +2 scale mail of poison resistance
Jewellery
 M - the ring "Xeiplec" (left hand) {rPois MR+ Dex+2 Stlth+}
   (You found it in a labyrinth)

   [ring of poison resistance]

   It affects your dexterity (+2).
   It protects you from poison.
   It affects your resistance to hostile enchantments.
   It makes you more stealthy.
Wands
 b - a wand of random effects (31/48)
Scrolls
 s - 7 scrolls of teleportation
 z - a scroll of magic mapping
 C - a scroll of remove curse
 X - a scroll of fear
Potions
 d - a potion of might
 e - 2 potions of magic
 g - 6 potions of lignification
 i - 4 potions of agility
 l - a potion of haste
 o - a potion of flight {unknown}
 u - a potion of cancellation
 D - a potion of curing
Books
 a - a book of Callings

   Spells                             Type                      Level
   a - Summon Small Mammal            Summoning                    1
   b - Call Imp                       Summoning                    2
   c - Call Canine Familiar           Summoning                    3
   d - Summon Guardian Golem          Hexes/Summoning              3
   e - Summon Lightning Spire         Summoning/Air                4
   f - Summon Ice Beast               Ice/Summoning                4
 H - a book of Debilitation

   Spells                             Type                      Level
   a - Corona                         Hexes                        1
   b - Slow                           Hexes                        2
   c - Inner Flame                    Hexes/Fire                   3
   d - Portal Projectile              Hexes/Translocation          3
   e - Cause Fear                     Hexes                        4
   f - Leda's Liquefaction            Hexes/Earth                  4
 P - a book of Maledictions

   Spells                             Type                      Level
   a - Corona                         Hexes                        1
   b - Ensorcelled Hibernation        Hexes/Ice                    2
   c - Confuse                        Hexes                        3
   d - Tukima's Dance                 Hexes                        3
   e - Dazzling Spray                 Conjuration/Hexes            3
Comestibles
 f - 13 bread rations
 j - 23 fruits


   Skills:
 + Level 10.1 Fighting
 + Level 14.7 Axes
   Level 1.2(8.4) Maces & Flails
 + Level 8.7 Armour
 - Level 3.8 Dodging
 - Level 2.1 Stealth
 + Level 10.6 Shields
 + Level 1.3 Evocations


You had 11 spell levels left.
You didn't know any spells.

Dungeon Overview and Level Annotations

Branches:
Dungeon (9/15)             Temple (1/1) D:5            Lair (3/6) D:9
 Shoals (0/4) Lair:2
  Snake: Lair:2-4    Spider: Lair:2-4       Orc: D:9-12

Altars:
Ashenzari
Cheibriados
Dithmenos
Elyvilon
Fedhas
Gozag
Hepliaklqana
Kikubaaqudgha
Makhleb
Nemelex Xobeh
Okawaru
Qazlal
Ru
Sif Muna
Trog
Uskayaw
Vehumet
Xom
Yredelemnul
Zin
The Shining One

Shops:
D:4 [!=?   D:5 *   D:6 (   D:7 (   D:9 !*


Message History

Unknown command.
You chop one of the 20-headed hydra's heads off!
You slash the 19-headed hydra!
The 19-headed hydra is almost dead.
You block the 19-headed hydra's attack. x2; The 19-headed hydra misses you.
The 19-headed hydra bites you!
* * * LOW HITPOINT WARNING * * *
The 19-headed hydra bites you but does no damage.
The 19-headed hydra misses you. The 19-headed hydra closely misses you.
The 19-headed hydra bites you but does no damage. x2
The 19-headed hydra barely misses you. The 19-headed hydra misses you.
The 19-headed hydra bites you but does no damage.
The 19-headed hydra bites you.
* * * LOW HITPOINT WARNING * * *
The 19-headed hydra bites you but does no damage. x2
The 19-headed hydra barely misses you. x2
The 19-headed hydra bites you but does no damage.
You block the 19-headed hydra's attack.
You feel yourself speed up. The 19-headed hydra bites you.
You die...

>. ##.# ###....##(..##..#.#. #
#..#####.....P.P.#..##.##..
##..#......#........##.##.#
#.....P#...#....##.#......#
##.....#.......###.#....#..
##....#P..#..#.##...##.#..
#######.............##... #####
#.....#..P...#.#..P ..#.#
#.@................ ....#
#.D#......P..##P.## ...##
#.####........#P.## ....# #..
#.#.#.#.#.##..# P...###### #.#
###..## #.## ......>..##
##.#####.## #.# ..#.......##
#..#.P...P##.# #.## ......8....##
#......P.[..# ##.P#
....#####...###.....P......##P..#


You could see a 19-headed hydra.

Vanquished Creatures
  A minotaur (Lab)
  Nergalle (Lair:3)
  The ghost of hilaritas the Carver, a novice TeBe of Trog (D:9)
  A black mamba (Lair:2)
  Joseph (Lair:1)
  A torpor snail (Lair:3)
  5 spiny frogs
  4 komodo dragons
  A troll (D:9)
  2 hippogriffs (Lair:2)
  5 blink frogs
  A spriggan (D:7)
  A wraith (D:7)
  A wyvern (Lair:3)
  10 yaks
  A basilisk (Lair:1)
  Edmund (D:5)
  3 wargs (D:9)
  7 water moccasins
  3 porcupines
  An ice beast (D:5)
  2 hornet zombies
  A black bear (D:6)
  2 necrophages
  A centaur (D:9)
  2 phantoms
  5 ogres
  6 wolves (Lair:2)
  2 crocodiles
  A big kobold (D:8)
  4 bullfrogs
  2 scorpions
  4 crimson imps
  A centaur zombie (D:9)
  A bullfrog zombie (D:6)
  2 hounds
  Crazy Yiuf (D:6)
  An orc priest (D:9)
  3 jellies
  A bullfrog skeleton (D:4)
  2 centaur skeletons
  3 iguanas
  3 orc wizards
  8 hell rats (Lair:1)
  4 worker ants
  2 hound zombies
  2 hound skeletons
  8 gnolls
  8 adders
  14 river rats (Lair:1)
  4 shadow imps
  An adder zombie (D:6)
  An adder skeleton (D:6)
  4 worms (D:4)
  2 dart slugs
  8 leopard geckos
  10 orcs
  2 ball pythons
  5 bats
  6 giant cockroaches
  5 goblins
  3 hobgoblins
  2 jackals (D:4)
  9 quokkas
  2 frilled lizards
  A giant cockroach zombie (D:5)
  8 kobolds
  A quokka skeleton (D:5)
  16 rats
  A plant (Lair:2)
239 creatures vanquished.

Vanquished Creatures (others)
  2 orc priests (D:9)
  An orc (D:9)
  A quokka (D:6)
  3 fungi (Lair:2)
7 creatures vanquished.

Grand Total: 246 creatures vanquished

Notes
Turn   | Place    | Note
-------+----------+-------------------------------------------
     0 | D:1      | funkygono the Hill Orc Fighter began the quest for the Orb.
     0 | D:1      | Reached XP level 1. HP: 19/19 MP: 1/1
   263 | D:1      | Reached XP level 2. HP: 27/27 MP: 2/2
   512 | D:1      | Reached skill level 3 in Axes
   716 | D:2      | Reached XP level 3. HP: 33/33 MP: 3/3
  1300 | D:3      | Found an ancient bone altar of Kikubaaqudgha.
  1301 | D:3      | Found a sacrificial altar of Ru.
  1301 | D:3      | Found a blossoming altar of Fedhas.
  1302 | D:3      | Found a hide-covered altar of Uskayaw.
  1302 | D:3      | Found a shimmering altar of Xom.
  1317 | D:3      | Found a hazy altar of Hepliaklqana.
  1707 | D:4      | Found Touwat's Magic Scroll Boutique.
  1716 | D:4      | Reached XP level 4. HP: 40/40 MP: 4/4
  1752 | D:4      | Found Lusewion's Jewellery Emporium.
  1795 | D:4      | Noticed an ogre
  1804 | D:4      | Killed an ogre
  1804 | D:4      | Reached skill level 4 in Axes
  1804 | D:4      | Reached XP level 5. HP: 21/46 MP: 5/5
  1990 | D:4      | Reached skill level 5 in Axes
  2126 | D:4      | Noticed a phantom
  2150 | D:4      | Killed a phantom
  2150 | D:4      | Reached skill level 6 in Axes
  2150 | D:4      | Reached XP level 6. HP: 34/53 MP: 6/6
  2169 | D:4      | Found an opulent altar of Gozag.
  2250 | D:4      | Reached skill level 7 in Axes
  2250 | D:4      | Reached XP level 7. HP: 37/60 MP: 7/7
  2452 | D:4      | Found Usuchi's Antique Armour Emporium.
  2471 | D:4      | Found Fuont's Distillery.
  2823 | D:5      | Entered Level 5 of the Dungeon
  2898 | D:5      | Found a staircase to the Ecumenical Temple.
  2914 | Temple   | Entered the Ecumenical Temple
  3386 | D:5      | Found Kikhleleo's Assorted Antiques.
  3417 | D:5      | Reached skill level 5 in Fighting
  3417 | D:5      | Reached skill level 8 in Axes
  3417 | D:5      | Reached skill level 1 in Dodging
  3492 | D:5      | Reached skill level 5 in Armour
  3492 | D:5      | Reached skill level 5 in Shields
  3681 | D:5      | Noticed Edmund
  3688 | D:5      | Killed Edmund
  3688 | D:5      | Reached XP level 8. HP: 65/67 MP: 8/8
  3806 | D:5      | Got a pitted ring mail
  3817 | D:5      | Identified the +0 ring mail "Sedghitt" {rElec Int+3 Dex-4} (You found it on level 5 of the Dungeon)
  4038 | D:5      | Reached skill level 1 in Maces & Flails
  4284 | D:6      | Got a transparent hand axe
  4285 | D:6      | Identified the +10 hand axe of Rofabem {venom, rC- rN+ Str+5 Int+3} (You found it on level 6 of the Dungeon)
  4295 | D:6      | Found a white marble altar of Elyvilon.
  4460 | D:6      | Reached skill level 9 in Axes
  4534 | D:6      | Found a runed door.
  4538 | D:6      | Noticed Crazy Yiuf
  4541 | D:6      | Killed Crazy Yiuf
  4605 | D:6      | Reached skill level 1 in Stealth
  4758 | D:6      | Found Umoff's Antique Weapon Shoppe.
  4792 | D:6      | Reached XP level 9. HP: 74/74 MP: 9/9
  5065 | D:7      | Found Asangyuv's Weapon Shop.
  5492 | D:8      | Reached skill level 10 in Axes
  6068 | D:9      | Noticed a troll
  6075 | D:9      | Killed a troll
  6126 | D:9      | Found Fomenla's General Store.
  6185 | D:9      | Found Erisacha's Distillery.
  6262 | D:9      | Noticed hilaritas's ghost (novice TeBe)
  6273 | D:9      | Became a worshipper of Beogh the Brigand
  6286 | D:9      | Killed hilaritas's ghost
  6286 | D:9      | Reached skill level 11 in Axes
  6286 | D:9      | Reached XP level 10. HP: 53/85 MP: 10/10
  6528 | D:9      | Found a staircase to the Lair.
  6998 | Lair:1   | Entered Level 1 of the Lair of Beasts
  7019 | Lair:1   | Found a labyrinth entrance.
  7090 | Lab      | Entered a labyrinth
  8040 | Lab      | Noticed a minotaur
  8053 | Lab      | Killed a minotaur
  8053 | Lab      | Reached skill level 12 in Axes
  8059 | Lab      | Got a serpentine tin ring
  8298 | Lair:1   | Reached skill level 1 in Evocations
  8401 | Lair:1   | Noticed a spiny frog
  8412 | Lair:1   | Killed a spiny frog
  8412 | Lair:1   | Reached XP level 11. HP: 74/95 MP: 11/11
  8490 | Lair:1   | Reached * piety under Beogh
  8658 | Lair:1   | Reached skill level 13 in Axes
  8981 | Lair:1   | Noticed Joseph
  8995 | Lair:1   | Killed Joseph
  9255 | Lair:1   | Identified the ring "Xeiplec" {rPois MR+ Dex+2 Stlth+} (You found it in a labyrinth)
 10045 | Lair:2   | Found a staircase to the Shoals.
 10053 | Lair:2   | Reached skill level 14 in Axes
 10319 | Lair:2   | Reached skill level 10 in Shields
 10394 | Lair:3   | Noticed Nergalle
 10401 | Lair:3   | Reached ** piety under Beogh
 10430 | Lair:3   | Killed Nergalle
 10430 | Lair:3   | Reached XP level 12. HP: 64/106 MP: 12/12
 10452 | Lair:3   | Reached skill level 10 in Fighting
 10642 | Lair:3   | Noticed a five-headed hydra
 10669 | Lair:3   | HP: 5/106 [13-headed hydra (3)]
 11058 | Lair:3   | HP: 2/106 [19-headed hydra (6)]
 11059 | Lair:3   | Slain by a 19-headed hydra

Skill      XL: |  1  2  3  4  5  6  7  8  9 10 11 12 |
---------------+-------------------------------------+-----
Axes           | 3 4 6 7 8 9 11 12 14 | 14.7
Fighting       | 4 5 7 8 9 10 | 10.1
Shields        | 4 5 6 8 9 10 | 10.6
Armour         | 4 5 6 7 8 |  8.7
Dodging        | 1 2 3 |  3.8
Maces & Flails | 1 |  1.2
Stealth        | 1 2 |  2.1
Evocations     | 1 |  1.3

Action                   |  1- 3 |  4- 6 |  7- 9 | 10-12 || total
-------------------------+-------+-------+-------+-------++-------
Melee: War axe           |   149 |    52 |   108 |       ||   309
       Hand axe          |       |       |   205 |   407 ||   612
       Flail             |       |       |    27 |       ||    27
Invok: Convert to Beogh  |       |       |     1 |       ||     1
Evoke: Wand              |       |       |       |     4 ||     4
  Use: Scroll            |     6 |       |    12 |     7 ||    25
       Potion            |       |       |       |     8 ||     8
  Eat: Chunk             |     3 |     2 |     8 |     8 ||    21
       Royal jelly       |       |       |     2 |     2 ||     4
       Meat ration       |       |       |       |     1 ||     1
Armor: Scale mail        |    71 |    17 |    29 |       ||   117
       Ring mail         |       |       |    69 |    20 ||    89
       Chain mail        |       |       |       |   134 ||   134
Dodge: Dodged            |    53 |    13 |    84 |   136 ||   286
Block: Shield            |   103 |    13 |   143 |   199 ||   458
